 Dungeon Crawl Stone Soup version 0.27.1-4-g1640c2035a (webtiles) character file.

Game seed: 15078450009855153445

45 horus123 the Insei (level 3, 0/26 HPs)
             Began as a Human Transmuter on Oct 31, 2021.
             Was an Initiate of Sif Muna.
             Succumbed to an adder's poison
             ... on level 2 of the Dungeon.
             The game lasted 00:03:45 (2309 turns).

horus123 the Insei (Human Transmuter)               Turns: 2309, Time: 00:03:45

Health: 0/26       AC:  2    Str: 10    XL:     3   Next: 90%
Magic:  15/15      EV: 12    Int: 14    God:    Sif Muna [......]
Gold:   45         SH:  0    Dex: 13    Spells: 0/6 levels left

rFire    + . .     SeeInvis .     - Unarmed
rCold    + . .     Faith    .   (no shield)
rNeg     . . .     Spirit   .   a - +0 robe
rPois    +         Reflect  .   (helmet currently unavailable)
rElec    +         Harm     .   (no cloak)
rCorr    +         Rampage  .   (no gloves)
Will     .....                  (boots currently unavailable)
Stlth    +.........             (no amulet)
HPRegen  0.08/turn              d - ring of magical power
MPRegen  0.14/turn              (no ring)

@: lethally poisoned (0 -> -2), appendages, resistant
A: horns 2, talons 2
a: End Transformation, Renounce Religion


You were on level 2 of the Dungeon.
You worshipped Sif Muna.
Sif Muna was noncommittal.
You had temporarily grown beastly horns and talons.
You visited 1 branch of the dungeon, and saw 2 of its levels.

You collected 45 gold pieces.

Inventory:

Armour
 a - a +0 robe (worn)
Magical Staves
 e - a staff of fire
Jewellery
 d - a ring of magical power (left hand)
Scrolls
 c - a scroll of enchant weapon
 f - a scroll of vulnerability


   Skills:
 - Level 1.0 Fighting
 - Level 2.0 Dodging
 - Level 3.1 Unarmed Combat
 - Level 2.1 Spellcasting
 - Level 3.0 Transmutations
 + Level 1.8 Poison Magic


You couldn't memorise any spells.
You knew the following spells:

 Your Spells              Type           Power      Damage    Failure   Level
a - Beastly Appendage     Tmut           18%        N/A       7%          1
b - Wereblood             Tmut           9%         N/A       11%         2
c - Spider Form           Tmut/Pois      4%         N/A       26%         3

Your spell library contained the following spells:

 Spells                   Type           Power      Damage    Failure   Level
 Ice Form                 Ice/Tmut       5%         N/A       77%         4


Dungeon Overview and Level Annotations

Branches:
Dungeon (2/15)

Altars:
Sif Muna


Innate Abilities, Weirdness & Mutations

You have temporarily grown beastly horns and talons.


Message History

You hit the adder.
The adder is lightly wounded.
You feel sick. The adder bites you.
You barely miss the adder. Your kick misses the adder.
The adder is lightly wounded.
You feel sick. The adder bites you.
You are more poisoned.
The adder poisons you!
You extend your transformation's duration.
You feel sick. The adder bites you.
You are more poisoned.
The adder poisons you!
You are too injured to fight recklessly!
You are too injured to fight recklessly!
You hit the adder. Your kick misses the adder.
The adder is heavily wounded.
You feel sick. The adder barely misses you.
You barely miss the adder.
The adder is heavily wounded.
You feel sick. The adder closely misses you. x2
You miss the adder. Your kick misses the adder. Your headbutt misses the adder.
The adder is heavily wounded.
* * * LOW HITPOINT WARNING * * *
You feel sick. The adder bites you but does no damage.
You hit the adder. Your kick misses the adder. Your headbutt misses the adder.
The adder is almost dead.
You feel sick. The adder bites you.
* * * LOW HITPOINT WARNING * * *
You miss the adder. You headbutt the adder.
You kill the adder!
Sif Muna accepts your kill.
* * * LOW HITPOINT WARNING * * *
You feel sick.
You feel protected.
* * * LOW HITPOINT WARNING * * *
You feel sick.
You aren't carrying any potions.
As you read the scroll labelled PUNKENG MOYB, it crumbles to dust.
Wisps of shadow whirl around you...
It was a scroll of summoning.
You die...

....#.###.#######......## ##.#
###.#.###.##.(........).###.##
...................####..#.#
###........†......## #.#.####
.....####.##.#>..... ..#.....#
.#.#......##.#.##.#####.####.####
... ##.......##.# #. #.....
#.#...........g.SJ# # ######
....###..###.###@.# #### #..
#....r....... # #####.####### #.#
#.# ..# ###


You could see a friendly endoplasm (summoned), a friendly quokka (summoned), a
friendly hobgoblin (summoned) and a friendly ball python (summoned).

Vanquished Creatures
  An adder (D:2)
  2 worms (D:2)
  2 endoplasms
  A giant cockroach (D:2)
  A goblin (D:2)
  3 hobgoblins
  2 quokkas (D:1)
  4 ball pythons
  5 bats
  A frilled lizard (D:1)
  3 kobolds (D:2)
  5 rats
30 creatures vanquished.

Notes
Turn   | Place    | Note
-------+----------+-------------------------------------------
     0 | D:1      | horus123 the Human Transmuter began the quest for the Orb.
     0 | D:1      | Reached XP level 1. HP: 15/15 MP: 3/3
   472 | D:1      | Reached XP level 2. HP: 20/21 MP: 3/5
   491 | D:1      | Learned a level 2 spell: Wereblood
  1189 | D:2      | Reached XP level 3. HP: 5/26 MP: 6/6
  1451 | D:2      | Learned a level 3 spell: Spider Form
  1889 | D:2      | Reached skill level 1 in Poison Magic
  2037 | D:2      | Found a shimmering blue altar of Sif Muna.
  2045 | D:2      | Became a worshipper of Sif Muna the Loreminder
  2308 | D:2      | HP: 1/26 [poisoned by an adder]
  2309 | D:2      | Succumbed to an adder's poison

Illustrated notes

Levels and vault maps discovered:
D:1:      enne_arrival_octagon_isle, layout_loops_ring, chequers_hall_statues_y,
          patterned_corridor
D:2:      layout_loops_ring, basic_altar, minmay_misc_feat_pillars

Skill      XL: |  1  2  3 |
---------------+----------+-----
Transmutations | 3 |  3.0
Poison Magic   | 1 |  1.8
Fighting       | |  1.0
Dodging        | |  2.0
Unarmed Combat | |  3.1
Spellcasting   | |  2.1

Action                   || total
-------------------------++-------
Melee: Unarmed           ||    91
       Kick              ||    12
       Punch             ||     3
       Headbutt          ||     8
       Staff             ||     5
 Cast: Beastly Appendage ||    26
  Use: Scroll            ||     3
       Potion            ||     1
 Stab: Sleeping          ||     1
Armor: Robe              ||    23
Dodge: Dodged            ||    55
